 Dungeon Crawl Stone Soup version 0.24.0-28-g17ded55e90 (webtiles) character file.

Game seed: 3695062856048479677, levelgen mode: deterministic

3315 Iamsoldier the Magician (level 9, -6/63 HPs)
             Began as a Red Draconian Wizard on Nov 13, 2019.
             Was a Follower of Ashenzari.
             Mangled by a five-headed hydra (8 damage)
             ... on level 8 of the Dungeon.
             The game lasted 00:45:53 (13547 turns).

Iamsoldier the Magician (Red Draconian Wizard)     Turns: 13547, Time: 00:45:53

Health: -6/63      AC: 10    Str: 10    XL:     9   Next: 70%
Magic:  0/20       EV: 13    Int: 21    God:    Ashenzari [*.....]
Gold:   69         SH:  0    Dex: 10    Spells: 13/22 levels left

rFire    + . .     SeeInvis .   C - +0 morningstar (curse)
rCold    . . .     Gourm    .   (no shield)
rNeg     . . .     Faith    .   (armour unavailable)
rPois    +         Spirit   +   a - +0 hat
rElec    .         Reflect  .   j - +1 cloak (curse)
rCorr    +         Harm     .   b - +0 pair of gloves (curse)
MR       .....                  (no boots)
Stlth    ++........             w - amulet of guardian spirit (curse)
HPRegen  0.20/turn              v - ring of resist corrosion
MPRegen  0.17/turn              m - ring of poison resistance

@: short of breath, very slightly contaminated, hasted, very quick
A: breathe fire, unfitting armour, fire resistance 1, cold-blooded, AC +7
a: Breathe Fire, Curse Item, Scrying, Renounce Religion


You were on level 8 of the Dungeon.
You worshipped Ashenzari.
Ashenzari was aware of your devotion.
You were not hungry.

You visited 1 branch of the dungeon, and saw 8 of its levels.

You collected 261 gold pieces.
You spent 192 gold pieces at shops.

Inventory:

Hand Weapons
 h - a +0 dagger
 A - a +3 dagger of protection
 C - a cursed +0 morningstar (weapon)
Missiles
 q - 14 boomerangs (quivered)
Armour
 a - a +0 hat (worn)
 b - a cursed +0 pair of gloves (worn)
 j - a cursed +1 cloak (worn)
Jewellery
 i - an uncursed amulet of faith
 m - a ring of poison resistance (right hand)
 v - a ring of resist corrosion (left hand)
 w - a cursed amulet of guardian spirit (around neck)
Wands
 d - a wand of polymorph (6)
 s - a wand of iceblast (7)
Scrolls
 e - 5 scrolls of teleportation
 f - 2 scrolls of fear
 k - 3 scrolls of identify
 l - 2 scrolls of magic mapping
 n - 2 scrolls of random uselessness
 o - a scroll of fog
 t - a scroll of enchant weapon
 y - a scroll of enchant armour
Potions
 g - 3 potions of haste
 z - 2 potions of agility
 B - a potion of brilliance
Comestibles
 c - 13 rations


   Skills:
 + Level 0.7 Fighting
 + Level 3.9 Short Blades
 + Level 4.3 Dodging
 - Level 1.7 Stealth
 * Level 7.4 Spellcasting
 * Level 7.3 Conjurations
   Level 1.0 Summonings
 - Level 1.0 Translocations
 - Level 3.1 Fire Magic
 - Level 4.0 Air Magic
 - Level 4.0 Poison Magic


You had 13 spell levels left.
You knew the following spells:

 Your Spells              Type           Power        Failure   Level  Hunger
a - Magic Dart            Conj           ####         1%          1    None
b - Mephitic Cloud        Conj/Pois/Air  ####....     3%          3    None
c - Blink                 Tloc           N/A          9%          2    None
d - Conjure Flame         Conj/Fire      ####....     3%          3    None

Your spell library contained the following spells:

 Spells                   Type           Power        Failure   Level  Hunger
 Call Imp                 Summ           ##......     9%          2    None
 Slow                     Hex            #.......     13%         2    None


Dungeon Overview and Level Annotations

Branches:
Dungeon (8/15)             Temple (0/1) D:5
   Lair: D:8-11

Altars:
Ashenzari
Elyvilon
Hepliaklqana
Xom
The Shining One

Shops:
D:5 ([*[   D:6 ?   D:7 *

Annotations:
D:3 3 runed translucent doors, sking99's ghost, amateur HOFi


Innate Abilities, Weirdness & Mutations

You can breathe blasts of fire.
Your fiery red scales are hard. (AC +7)
You cannot fit into any form of body armour.
Your flesh is heat resistant. (rF+)
You are cold-blooded and may be slowed by cold attacks.


Message History

The five-headed hydra closely misses you.
The five-headed hydra bites you but does no damage.
The five-headed hydra bites you!
The five-headed hydra bites you but does no damage.
Casting: Magic Dart (safe; 1% risk of failure)
Confirm with . or Enter, or press ? or * to list all spells.
You miscast Blink.
You feel uncomfortable.
The five-headed hydra bites you but does no damage.
The five-headed hydra bites you.
The five-headed hydra barely misses you.
The five-headed hydra bites you!
* * * LOW HITPOINT WARNING * * *
The five-headed hydra bites you!
* * * LOW HITPOINT WARNING * * *
Casting: Blink (safe; 9% risk of failure)
Confirm with . or Enter, or press ? or * to list all spells.
Okay, then.
Okay, then.
You feel yourself speed up. The five-headed hydra bites you!
You die...

*,,...### ********
****#.... **,,,**,**
**##. #,*+*,#,,*# #..
#.*,*.#,..# ###.#
*.###.*...# ####...#
##*.§.*#...###....###
#.##D##........##.#
#...@.......#####.###
##...................
##.......(...........
#............#.#.#..#
#...........##.#'..##
#...........#.§.§...#
#...........#.§§§§§##
#............'§.§§§§[
***##..........##..§§§#.


You could see a five-headed hydra.

Vanquished Creatures
  Harold (D:7)
  Prince Ribbit (D:7)
  An ogre (D:7)
  3 centaurs
  A big kobold (D:7)
  A bullfrog (D:8)
  A water moccasin skeleton (D:4)
  A scorpion (D:8)
  2 jellies (D:5)
  3 killer bees (D:6)
  5 wights
  4 electric eels (D:6)
  A howler monkey (D:8)
  2 bullfrog zombies
  2 crimson imps
  5 hounds
  A centaur skeleton (D:4)
  3 bullfrog skeletons
  12 orc wizards
  A centaur zombie (D:5)
  4 worker ants
  6 iguanas
  A hound skeleton (D:8)
  3 gnolls (D:8)
  10 adders
  3 shadow imps
  An ooze (D:6)
  3 worms
  10 dart slugs
  2 leopard geckos
  20 orcs
  A ball python (D:3)
  4 giant cockroaches
  3 goblins
  7 hobgoblins
  3 jackals (D:2)
  2 quokkas
  4 bats
  2 frilled lizards
  A goblin zombie (D:8)
  2 hobgoblin zombies (D:8)
  2 jackal skeletons
  13 kobolds
  A leopard gecko skeleton (D:8)
  2 orc skeletons (D:8)
  An orc zombie (D:8)
  A quokka skeleton (D:5)
  4 rats
167 creatures vanquished.

Notes
Turn   | Place    | Note
-------+----------+-------------------------------------------
     0 | D:1      | Iamsoldier the Draconian Wizard began the quest for the
                  | Orb.
     0 | D:1      | Reached XP level 1. HP: 14/14 MP: 4/4
   390 | D:1      | Reached XP level 2. HP: 20/20 MP: 0/6
  1070 | D:2      | Reached XP level 3. HP: 26/26 MP: 0/8
  1432 | D:2      | Learned a level 3 spell: Mephitic Cloud
  1873 | D:3      | Learned a level 2 spell: Blink
  1917 | D:3      | Learned a level 3 spell: Conjure Flame
  2316 | D:3      | Reached XP level 4. HP: 14/33 MP: 2/9
  2571 | D:3      | Found a shattered altar of Ashenzari.
  2580 | D:3      | Found a white marble altar of Elyvilon.
  2592 | D:3      | Became a worshipper of Ashenzari the Shackled
  2629 | D:3      | Reached skill level 1 in Air Magic
  2629 | D:3      | Reached skill level 1 in Poison Magic
  3329 | D:3      | Reached XP level 5. HP: 38/38 MP: 1/11
  3687 | D:3      | Found a runed translucent gate.
  3688 | D:3      | Found a runed translucent gate.
  3688 | D:3      | Noticed sking99's ghost (amateur HOFi)
  3689 | D:3      | Found a runed translucent gate.
  4377 | D:4      | Reached XP level 6. HP: 40/45 MP: 4/12
  5180 | D:4      | Found a hazy altar of Hepliaklqana.
  5188 | D:4      | Found a shimmering altar of Xom.
  5188 | D:4      | Noticed a wyvern
  5189 | D:4      | Noticed a spectral ugly thing
  5189 | D:4      | Noticed a wyvern
  5463 | D:5      | Entered Level 5 of the Dungeon
  5869 | D:5      | Your scales start taking on a fiery red colour.
  5869 | D:5      | Reached XP level 7. HP: 50/50 MP: 5/14
  5869 | D:5      | Gained mutation: Your flesh is heat resistant. (rF+) [Red
                  | Draconian growth]
  5928 | D:5      | Found Dubah's General Store.
  6032 | D:5      | Found Kahefucs's Armour Shop.
  6515 | D:5      | Bought a cursed +0 cloak for 42 gold pieces
  6521 | D:5      | Found Firices's Weapon Shoppe.
  6980 | D:5      | Found a staircase to the Ecumenical Temple.
  6999 | D:5      | Found Fannaf's Armour Shop.
  7035 | D:5      | Reached skill level 5 in Spellcasting
  7042 | D:5      | Found Farogaso's Assorted Antiques.
  7088 | D:5      | Bought a twisted beryl amulet for 150 gold pieces
  7942 | D:6      | Reached XP level 8. HP: 45/57 MP: 2/15
  8154 | D:6      | Reached skill level 1 in Short Blades
  8154 | D:6      | Reached skill level 1 in Fire Magic
  8665 | D:6      | Reached skill level 5 in Conjurations
  8708 | D:6      | Reached * piety under Ashenzari
  8733 | D:6      | Found Ozirgh's Magic Scroll Boutique.
 10139 | D:7      | Noticed Prince Ribbit
 10147 | D:7      | Killed Prince Ribbit
 10485 | D:7      | Found Reukoduf's Assorted Antiques.
 10508 | D:7      | Noticed Harold
 10742 | D:7      | Killed Harold
 10742 | D:7      | Reached XP level 9. HP: 57/62 MP: 4/19
 13037 | D:8      | Found a glowing golden altar of the Shining One.
 13543 | D:8      | Noticed a five-headed hydra
 13546 | D:8      | HP: 2/63 [five-headed hydra (11)]
 13547 | D:8      | Mangled by a five-headed hydra

Levels and vault maps discovered:
D:1:      dpeg_arrival_tiny_b, layout_rooms, hangedman_decor_peaks_small
D:2:      layout_loops_ring, kennysheep_big_empty_room, feat_on_display
D:3:      layout_rooms, minitemple, gammafunk_ghost_nasty_kobolds, minmay_puff
D:4:      layout_rooms, regret_index_temple_of_mockery, first_ration
D:5:      layout_rooms, temple_statues, serial_shops, shop, shop_fountains,
          shop, shop, nicolae_shop_statue_plus, grunt_ministairs_5,
          st_stairs_10, saegor_snake_ambush
D:6:      kennysheep_slugbush, layout_loops_ring, serial_shops,
          nicolae_shop_statue_plus, eino_tiny_chamber, minivault_1,
          water_maze_lemuel
D:7:      layout_cave_pools, serial_shops, shop, grunt_ogre_cave,
          uniq_prince_ribbit1, uniq_harold
D:8:      layout_rooms, nicolae_tso_besieged_by_evil, okawaru_metal_pillars_3,
          ebering_ghost_reflecting_pool, kennysheep_just_a_vault

Skill      XL: |  1  2  3  4  5  6  7  8  9 |
---------------+----------------------------+-----
Conjurations   | 2 3 4 6 7 |  7.3
Air Magic      | 1 2 3 4 |  4.0
Poison Magic   | 1 2 3 4 |  4.0
Spellcasting   | 4 5 6 7 |  7.4
Dodging        | 2 3 4 |  4.3
Short Blades   | 3 |  3.9
Fire Magic     | 3 |  3.1
Fighting       | |  0.7
Stealth        | |  1.7
Summonings     | |  1.0
Translocations | |  1.0

Action                   |  1- 3 |  4- 6 |  7- 9 || total
-------------------------+-------+-------+-------++-------
Melee: Whip              |     5 |       |       ||     5
       Unarmed           |     1 |       |       ||     1
       Dagger            |    54 |    98 |    30 ||   182
       Tailslap          |     6 |     4 |     5 ||    15
       Morningstar       |       |       |    40 ||    40
Throw: Boomerang         |       |       |    17 ||    17
 Cast: Magic Dart        |   104 |   187 |   291 ||   582
       Blink             |       |     3 |     3 ||     6
       Mephitic Cloud    |       |       |    15 ||    15
       Conjure Flame     |       |       |     3 ||     3
Invok: Curse Item        |       |     1 |     1 ||     2
 Abil: Breathe Fire      |       |       |    30 ||    30
  Use: Potion            |     1 |     6 |     6 ||    13
       Scroll            |       |     2 |    10 ||    12
 Stab: Invisible         |       |     3 |       ||     3
       Confused          |       |       |     1 ||     1
  Eat: Chunk             |     3 |    12 |    13 ||    28
       Ration            |       |       |     5 ||     5
Armor: Skin              |    34 |    99 |    95 ||   228
Dodge: Dodged            |    72 |   128 |   192 ||   392
